 Dungeon Crawl Stone Soup version 0.28.0-53-g5a82cb258f (webtiles) character file.

Game seed: 6787743373387010660

20806 Peloso the Carver (level 12, -9/107 HPs)
             Began as a Minotaur Fighter on June 11, 2022.
             Was a High Priest of Okawaru.
             Mangled by a bog body (12 damage)
             ... summoned by a worldbinder
             ... on level 1 of the Abyss.
             The game lasted 00:35:20 (15615 turns).

Peloso the Carver (Minotaur Fighter)               Turns: 15615, Time: 00:35:20

Health: -9/107     AC: 26    Str: 22    XL:     12   Next: 48%
Magic:  12/12      EV:  9    Int:  5    God:    Okawaru [*****.]
Gold:   1120       SH:  7    Dex: 18    Spells: 11/11 levels left

rFire   . . .      SeeInvis .   a - +1 long sword (holy)
rCold   . . .      Faith    .   c - +0 buckler
rNeg    . . .      Spirit   .   C - +9 plate armour of Ornamental Lucidity {Rampage rCorr Str-2 Stlth+}
rPois   .          Reflect  .   (helmet restricted)
rElec   .          Harm     .   (no cloak)
rCorr   +          Rampage  +   k - +0 pair of gloves
Will    .....                   (no boots)
Stlth   ..........              m - amulet of the acrobat
HPRegen 0.27/turn               u - +6 ring of dexterity
MPRegen 0.13/turn               y - ring of flight

@: flying
A: horns 2, retaliatory headbutt
a: Renounce Religion, Heroism, Finesse, Duel


You were on level 1 of the Abyss.
You worshipped Okawaru.
Okawaru was extremely pleased with you.
You visited 4 branches of the dungeon, and saw 14 of its levels.
You visited the Abyss 1 time.
You also visited: Ossuary and Bailey.

You collected 1352 gold pieces.
You spent 232 gold pieces at shops.

Inventory:

Hand Weapons
 a - a +1 long sword of holy wrath (weapon)
 b - the +4 scimitar "Ahyaps" {flame, Str+2}
   (Okawaru gifted it to you on level 11 of the Dungeon)

   It burns those it strikes, dealing additional fire damage.
   Big, fiery blades are also staple armaments of hydra-hunters.
   Str:       It affects your strength (+2).
Missiles
 H - 2 throwing nets (quivered)
Armour
 c - a +0 buckler (worn)
 i - a +2 chain mail of fire resistance
 k - a +0 pair of gloves (worn)
 x - +0 swamp dragon scales
 C - the +9 plate armour of Ornamental Lucidity (worn) {Rampage rCorr Str-2 Stlth+}
   (You found it in a bailey)

   Str:       It affects your strength (-2).
   rCorr:     It protects you from acid and corrosion.
   Rampage:   It bestows one free step when moving towards enemies.
   Stlth:     It makes you more stealthy.
Jewellery
 m - an amulet of the acrobat (around neck)
 p - a ring of ice
 t - an amulet of magic regeneration
 u - a +6 ring of dexterity (left hand)
 y - a ring of flight (right hand)
Wands
 f - a wand of polymorph (12)
 v - a wand of flame (17)
 z - a wand of digging (9)
 G - a wand of paralysis (4)
 I - a wand of acid (10)
Scrolls
 e - a scroll of enchant armour
 n - 2 scrolls of holy word
 s - 5 scrolls of immolation
 A - 2 scrolls of fog
 B - a scroll of brand weapon
 E - 2 scrolls of amnesia
 L - 4 scrolls of teleportation
 N - a scroll of blinking
 P - 2 scrolls of magic mapping
 R - a scroll of summoning
 T - 2 scrolls of enchant weapon {unknown}
Potions
 g - 8 potions of curing
 j - a potion of cancellation
 l - 8 potions of flight
 o - 3 potions of mutation
 q - 4 potions of resistance
 r - 2 potions of attraction {unknown}
 w - 5 potions of heal wounds {unknown}
 F - a potion of ambrosia {unknown}
 J - a potion of lignification {unknown}
 K - 2 potions of degeneration {unknown}
 M - 3 potions of might
 O - 3 potions of haste {unknown}
 S - a potion of magic {unknown}
Miscellaneous
 d - a box of beasts
 D - a phial of floods


   Skills:
 + Level 10.5 Fighting
 + Level 14.8 Long Blades
 + Level 1.9 Polearms
 + Level 12.5 Armour
 + Level 4.6 Dodging
 + Level 3.0 Stealth
 + Level 9.6 Shields
 + Level 5.4 Unarmed Combat
 + Level 2.2 Invocations
 + Level 0.6 Evocations


You had 11 spell levels left.
You didn't know any spells.
Your spell library contained the following spells:

 Spells                   Type           Power      Damage    Failure   Level
 Sting                    Tmut/Pois      0%         1d3       100%        1
 Poisonous Vapours        Pois/Air       0%         N/A       100%        2
 Ignite Poison            Fire/Tmut/Pois 0%         N/A       100%        3
 Inner Flame              Hex/Fire       0%         N/A       100%        3
 Mephitic Cloud           Conj/Pois/Air  0%         N/A       100%        3
 Airstrike                Air            0%         N/A       100%        4
 Cause Fear               Hex            0%         N/A       100%        4
 Olgreb's Toxic Radiance  Pois           0%         N/A       100%        4
 Freezing Cloud           Conj/Ice/Air   0%         6-21      100%        5
 Lightning Bolt           Conj/Air       0%         1d11      100%        5
 Discord                  Hex            0%         N/A       100%        8
 Summon Lightning Spire   Summ/Air       Unusable   N/A       N/A         4

Dungeon Overview and Level Annotations

Branches:
Dungeon (11/15)            Temple (1/1) D:5            Lair (1/6) D:9
    Orc (1/2) D:9         Ossuary (visited)          Bailey (visited)

Altars:
Ashenzari
Cheibriados
Dithmenos
Elyvilon
Fedhas
Gozag
Hepliaklqana
Kikubaaqudgha
Okawaru
Qazlal
Ru
Sif Muna
Uskayaw
Vehumet
Wu Jian
Xom
Yredelemnul
Zin
The Shining One

Shops:
D:4 [   D:9 =*(*:(


Innate Abilities, Weirdness & Mutations

You have a pair of horns on your head.
You reflexively headbutt those who attack you in melee.


Message History

The starcursed mass touches you but does no damage.
You hit the bog body.
The bog body convulses.
The bog body is moderately damaged.
The goliath frog seems less confused.
A starcursed mass splits.
The worldbinder hits you but does no damage. x2
The starcursed mass touches you but does no damage.
Unknown command.
The starcursed mass barely misses you. x2
The starcursed mass completely misses you.
A starcursed mass splits.
The worldbinder misses you. The worldbinder completely misses you.
Unknown command.
You completely miss the starcursed mass.
The goliath frog disappears in a puff of smoke!
The bog body disappears in a puff of smoke!
The starcursed mass barely misses you.
The starcursed mass touches you but does no damage. x2
The starcursed mass touches you. The bog body closely misses you.
The worldbinder hits you but does no damage. x2
You closely miss the worldbinder.
The worldbinder is heavily damaged.
You feel less confused.
The starcursed mass completely misses you.
You furiously retaliate!
You headbutt the starcursed mass!
The starcursed mass shudders and is absorbed by its neighbour.
The starcursed mass closely misses you. You block the starcursed mass's attack.
The bog body touches you. The bog body freezes you!!
* * * LOW HITPOINT WARNING * * *
The worldbinder calls forth creatures from the Swamp!
You hit the worldbinder but do no damage.
The worldbinder is heavily damaged.
The starcursed mass barely misses you. You furiously retaliate!
You headbutt the starcursed mass, but do no damage.
A starcursed mass splits.
You block the worldbinder's attack.
The worldbinder hits you but does no damage.
The starcursed mass touches you but does no damage.
The bog body touches you!
* * * LOW HITPOINT WARNING * * *
The bog body freezes you!
You die...

#. .. ...#.#... ..
#§.......#........#
............... ..
........#....... ..
#..#.#........ ..
#....§§.#.......
#.#...XX§......
#...nXxX#.......
#...X@X.......
#...XXX.k..._.. .
#.#..#....#...... #
#..#........... #
##. ..........#.
#...####...... #.##
.##.### .. # . .#


You could see 9 starcursed masses, a worldbinder, a bog body (summoned) and a
swamp drake (summoned).

Vanquished Creatures
  A boulder beetle (D:11)
  A hydra (D:10)
  Harold (D:8)
  A centaur warrior (D:10)
  3 two-headed ogres
  Sonja (D:11)
  A skeletal warrior (D:10)
  Pikel (D:5)
  An orc knight (Bailey)
  2 ugly things
  5 cane toads (Lair:1)
  Maggie (D:6)
  An unseen horror (D:9)
  A yaktaur (D:10)
  4 komodo dragons
  2 hornets
  4 trolls (D:9)
  2 shadows
  A wyvern (D:4)
  10 yaks
  Grum (D:8)
  4 vampire mosquitoes (D:10)
  A steam dragon (D:9)
  3 wargs (D:9)
  4 water moccasins
  A necrophage (D:6)
  11 orc warriors
  A sky beast (D:7)
  An ice beast (D:5)
  3 black bears
  3 wolves (D:8)
  3 ogres (D:5)
  2 centaurs (D:8)
  2 kobold brigands
  6 bullfrogs
  3 gnoll sergeants
  4 scorpions
  A wyvern skeleton (D:7)
  A water moccasin zombie (D:5)
  5 killer bees
  11 wights
  2 electric eels (D:6)
  3 centaur zombies
  2 bullfrog zombies (D:5)
  2 jellies
  5 hounds
  8 orc priests
  A gnoll shaman (D:5)
  6 iguanas
  A bullfrog skeleton (D:5)
  Ijyb (D:4)
  10 orc wizards
  A killer bee zombie (D:8)
  8 mummies (Ossuary)
  17 gnolls
  A howler monkey skeleton (D:7)
  14 adders
  A shadow imp (D:6)
  A white imp (D:5)
  2 dart slugs
  52 orcs
  7 ball pythons
  7 bats
  7 endoplasms
  4 giant cockroaches
  2 gnoll zombies (Ossuary)
  5 goblins
  6 hobgoblins
  6 jackals (D:2)
  37 kobolds
  5 quokkas
  4 frilled lizards (D:1)
  A hobgoblin zombie (Ossuary)
  3 kobold zombies (Ossuary)
  2 orc zombies (Ossuary)
  5 rats
  A spectral kobold (D:2)
355 creatures vanquished.

Vanquished Creatures (others)
  An orc wizard (D:9)
  An orc (D:9)
  18 plants
20 creatures vanquished.

Grand Total: 375 creatures vanquished

Notes
Turn   | Place    | Note
-------+----------+-------------------------------------------
     0 | D:1      | Peloso the Minotaur Fighter began the quest for the Orb.
     0 | D:1      | Reached XP level 1. HP: 19/19 MP: 0/0
    53 | D:1      | Reached XP level 2. HP: 22/27 MP: 1/1
   655 | D:2      | Reached XP level 3. HP: 33/33 MP: 2/2
   689 | D:2      | Reached skill level 3 in Long Blades
   780 | D:2      | Found a faded altar of an unknown god.
  1273 | D:3      | Identified the +1 leather armour "Naiv" {Rampage rC+}
  1304 | D:3      | Reached XP level 4. HP: 40/41 MP: 3/3
  1360 | D:3      | Found an ancient bone altar of Kikubaaqudgha.
  1660 | D:4      | Found Foodgh Oshre's Antique Armour Emporium.
  1703 | D:4      | Reached skill level 4 in Long Blades
  1713 | D:4      | Reached XP level 5. HP: 47/47 MP: 4/4
  1864 | D:4      | Noticed Ijyb
  1893 | D:4      | Killed Ijyb
  1930 | D:4      | Noticed a black bear
  1932 | D:4      | Noticed a wyvern
  1943 | D:4      | Killed a black bear
  1944 | D:4      | Reached skill level 5 in Long Blades
  1944 | D:4      | Reached skill level 5 in Armour
  1944 | D:4      | Reached skill level 1 in Dodging
  1944 | D:4      | Reached XP level 6. HP: 54/55 MP: 5/5
  1984 | D:4      | Killed a wyvern
  1985 | D:4      | Reached skill level 5 in Fighting
  1988 | D:4      | Reached skill level 6 in Long Blades
  2164 | D:4      | Identified the +1 robe of Kindness {Str+6}
  2282 | D:4      | Found a blossoming altar of Fedhas.
  2343 | D:5      | Entered Level 5 of the Dungeon
  2347 | D:5      | Noticed a shadow
  2357 | D:5      | Reached XP level 7. HP: 51/61 MP: 6/6
  2373 | D:5      | Reached skill level 7 in Long Blades
  2388 | D:5      | Reached skill level 1 in Unarmed Combat
  2573 | D:5      | Killed a shadow
  2574 | D:5      | Reached XP level 8. HP: 68/69 MP: 7/7
  2589 | D:5      | Noticed a two-headed ogre
  2599 | D:5      | Killed a two-headed ogre
  2600 | D:5      | Reached skill level 9 in Long Blades
  2600 | D:5      | Reached skill level 5 in Shields
  2911 | D:5      | Reached skill level 10 in Long Blades
  2911 | D:5      | Reached XP level 9. HP: 57/77 MP: 8/8
  3202 | D:5      | Found a staircase to the Ecumenical Temple.
  3231 | Temple   | Entered the Ecumenical Temple
  3305 | Temple   | Became a worshipper of Warmaster Okawaru
  3516 | D:5      | Noticed Pikel
  3540 | D:5      | Killed Pikel
  3541 | D:5      | Reached skill level 11 in Long Blades
  3964 | D:5      | Reached * piety under Okawaru
  4335 | D:6      | Noticed Maggie
  4349 | D:6      | Killed Maggie
  4463 | D:6      | Reached skill level 12 in Long Blades
  4864 | D:6      | Reached ** piety under Okawaru
  4938 | D:6      | Reached XP level 10. HP: 80/86 MP: 9/9
  5047 | D:6      | Found a sacrificial altar of Ru.
  5047 | D:6      | Found a basalt altar of Yredelemnul.
  5052 | D:6      | Found a stormy altar of Qazlal.
  5055 | D:6      | Found a shimmering altar of Xom.
  5057 | D:6      | Found a hide-covered altar of Uskayaw.
  5062 | D:6      | Found a white marble altar of Elyvilon.
  5281 | D:7      | Found a glowing golden altar of the Shining One.
  5356 | D:7      | Found a flagged portal.
  5367 | Bailey   | Entered a bailey
  5485 | Bailey   | Identified the +9 plate armour of Ornamental Lucidity
                  | {Rampage rCorr Str-2 Stlth+}
  5532 | Bailey   | Noticed an orc knight
  5613 | Bailey   | Killed an orc knight
  6180 | D:7      | Reached *** piety under Okawaru
  6270 | D:7      | Reached skill level 13 in Long Blades
  7008 | D:8      | Noticed Harold
  7026 | D:8      | Killed Harold
  7026 | D:8      | Reached **** piety under Okawaru
  7144 | D:8      | Found a sand-covered staircase.
  7152 | Ossuary  | Entered an ossuary
  7518 | D:8      | Found a broken altar of Ashenzari.
  7853 | D:9      | Noticed Grum
  7853 | D:9      | Found Ytaofued's Assorted Antiques.
  7879 | D:8      | Reached XP level 11. HP: 92/95 MP: 10/10
  7903 | D:8      | Reached skill level 10 in Armour
  8390 | D:8      | Killed Grum
  8550 | D:9      | Noticed a red ugly thing
  8561 | D:9      | Killed a red ugly thing
  8562 | D:9      | Reached skill level 14 in Long Blades
  8566 | D:9      | Bought a scroll labelled GUOSEISMEM for 31 gold pieces
  8575 | D:9      | Bought a runed long sword for 201 gold pieces
  8622 | D:9      | Found Pakyic's Book Boutique.
  8652 | D:9      | Found a staircase to the Orcish Mines.
  8663 | D:9      | Noticed a two-headed ogre
  8679 | D:9      | Killed a two-headed ogre
  8679 | D:9      | Reached ***** piety under Okawaru
  8836 | D:9      | Found Kydenul's Jewellery Boutique.
  9033 | D:9      | Found Tomoxy's Antique Weapon Boutique.
  9272 | D:9      | Paralysed by a hornet for 1 turns
  9280 | D:9      | Paralysed by a hornet for 1 turns
  9533 | D:9      | Found Otubag's Antique Weapon Emporium.
  9927 | D:9      | Found a staircase to the Lair.
  9942 | D:9      | Reached skill level 1 in Invocations
 10264 | D:9      | Found a radiant altar of Vehumet.
 10328 | D:9      | Found Egoibuz's Elemental Accessories.
 10426 | D:10     | Entered Level 10 of the Dungeon
 10433 | D:10     | Noticed a white ugly thing
 10446 | D:10     | Killed a white ugly thing
 10446 | D:10     | Received a gift from Okawaru
 11512 | D:10     | Noticed an eight-headed hydra
 11524 | D:10     | Killed an eight-headed hydra
 11795 | D:10     | Reached skill level 5 in Unarmed Combat
 12023 | D:10     | Noticed a skeletal warrior
 12032 | D:10     | Killed a skeletal warrior
 12033 | D:10     | Reached skill level 1 in Stealth
 12038 | D:10     | Reached skill level 1 in Polearms
 12453 | D:10     | Noticed a centaur warrior
 12474 | D:10     | Killed a centaur warrior
 12780 | D:11     | Noticed Sonja
 12795 | D:11     | Killed Sonja
 12837 | D:11     | Noticed a two-headed ogre
 12843 | D:11     | Killed a two-headed ogre
 12844 | D:11     | Reached XP level 12. HP: 105/105 MP: 9/12
 12906 | D:11     | Noticed a boulder beetle
 12927 | D:11     | Killed a boulder beetle
 13152 | D:11     | Identified the +4 scimitar "Ahyaps" {flame, Str+2} (Okawaru
                  | gifted it to you on level 11 of the Dungeon)
 13152 | D:11     | Received a gift from Okawaru
 13396 | Lair:1   | Entered Level 1 of the Lair of Beasts
 13495 | Lair:1   | HP: 2/106 [komodo dragon (18)]
 14479 | Lair:1   | Reached skill level 10 in Fighting
 14505 | Lair:1   | HP: 5/106 [komodo dragon (17)]
 15304 | Orc:1    | Entered Level 1 of the Orcish Mines
 15541 | Orc:1    | Cast into level 1 of the Abyss (orc knight)
 15541 | Abyss:1  | Found a corrupted altar of Lugonu.
 15601 | Abyss:1  | Noticed a starcursed mass
 15609 | Abyss:1  | Paralysed by accursed screaming for 1 turns
 15615 | Abyss:1  | HP: 3/107 [bog body[a worldbinder] (9)]
 15615 | Abyss:1  | Mangled by a bog body

Illustrated notes

Levels and vault maps discovered:
D:1:      dpeg_arrival_radiant, layout_rooms, serial_forest,
          infiniplex_forest_end_double, infiniplex_forest_lined_room_2,
          infiniplex_forest_end_1, infiniplex_forest_straight_1,
          infiniplex_forest_straight_2, infiniplex_forest_clump_C
D:2:      layout_rooms, dreamdust_ecumenical_altar_drowned_temple
D:3:      layout_rooms, mainiacjoe_overflow_24_doors
D:4:      layout_cave_pools, mainiacjoe_overflow_brackets, grunt_ministairs_10,
          nicolae_take_the_stairs, uniq_ijyb
D:5:      cheibrodos_fzero, layout_loops_cross, minmay_temple_entry_overgrown,
          uniq_pikel
D:6:      layout_gridville, nicolae_overflow_hallway_of_the_gods,
          chequers_mini_garden, serial_bayou_lake_a, uniq_maggie
D:7:      layout_cave_pods, tso_metal_star, enter_bailey_2
D:8:      layout_basic, mainiacjoe_overflow_tiny_flanked,
          chequers_ossuary_entry_cave, uniq_harold
D:9:      kennysheep_kobold_camp, layout_basic, mainiacjoe_overflow_alcove_4,
          erik_lair_orcish_takeover, hiddenorc2_lemuel, serial_shops, shop,
          shop, shop, shop, nicolae_shop_temple_entry_statues_fountains,
          serial_glass, glass_columns_a, glass_columns_a,
          nicolae_elemental_shop, uniq_grum
D:10:     layout_stronghold, grunt_tough_drop
D:11:     layout_basic, uniq_sonja
Temple:   jpeg_temple_clearing
Lair:1:   wander_river, layout_chaotic_city
Orc:1:    layout_caves, uniq_josephine
Abyss:1:  base:
Lair:2

Skill      XL: |  1  2  3  4  5  6  7  8  9 10 11 12 |
---------------+-------------------------------------+-----
Fighting       | 4 5 6 7 8 9 10 | 10.5
Armour         | 4 5 6 7 8 9 11 12 | 12.5
Long Blades    | 3 4 5 6 7 10 12 13 14 | 14.8
Shields        | 4 5 6 7 9 |  9.6
Dodging        | 1 2 3 4 |  4.6
Unarmed Combat | 1 5 |  5.4
Invocations    | 1 2 |  2.2
Stealth        | 1 3 |  3.0
Polearms       | 1 |  1.9
Evocations     | |  0.6

Action                   |  1- 3 |  4- 6 |  7- 9 | 10-12 || total
-------------------------+-------+-------+-------+-------++-------
Melee: Long sword        |   106 |    78 |   231 |   595 ||  1010
       Headbutt          |    11 |    16 |    49 |   219 ||   295
       Unarmed           |       |    17 |       |   269 ||   286
       Spear             |       |       |       |     8 ||     8
Invok: Heroism           |       |       |     1 |    15 ||    16
Evoke: Wand              |       |       |     3 |     3 ||     6
  Use: Scroll            |     5 |     3 |     2 |    11 ||    21
       Potion            |       |       |     1 |     1 ||     2
 Stab: Paralysed         |       |       |       |     3 ||     3
       Distracted        |       |       |       |     1 ||     1
Armor: Scale mail        |    12 |       |       |       ||    12
       Chain mail        |    65 |    55 |    99 |     5 ||   224
       Skin              |       |     3 |       |       ||     3
       Plate armour      |       |       |       |   513 ||   513
Dodge: Dodged            |    49 |    52 |    96 |   400 ||   597
Block: Buckler           |    32 |    15 |    34 |   258 ||   339
